 Dungeon Crawl Stone Soup version 0.31.0-9-g3a7656b989 (webtiles) character file.

Game seed: 12163624624255106509

58 qw the Shooter (level 3, 0/20 HPs)
             Began as a Deep Elf Hunter on Feb 2, 2024.
             Succumbed to an adder's poison
             ... on level 2 of the Dungeon.
             The game lasted 00:00:04 (1210 turns).

qw the Shooter (Deep Elf Hunter)                    Turns: 1210, Time: 00:00:05

Health: 0/20       AC:  5    Str: 10    XL:     3   Next: 75%
Magic:  5/5        EV: 11    Int: 13    God:
Gold:   72         SH:  0    Dex: 18    Spells: 2/2 levels left

rFire   . . .        a - +0 shortbow
rCold   . . .        (shield currently unavailable)
rNeg    . . .        d - +0 ring mail
rPois   .            (no helmet)
rElec   .            (no cloak)
rCorr   .            (no gloves)
SInv    .            (no boots)
Will    .....        (no amulet)
Stlth   +            (no ring)
HPRegen 0.23/turn    (no ring)
MPRegen 0.09/turn

%: no passive effects
@: lethally poisoned (0 -> -2)
A: no striking features
a: no special abilities


You were on level 2 of the Dungeon.
You visited 1 branch of the dungeon, and saw 2 of its levels.

You collected 72 gold pieces.


   Skills:
 - Level 1.5 Fighting
 + Level 7.2 Ranged Weapons
 - Level 2.4 Dodging
 - Level 1.2 Stealth


You had 2 spell levels left.
You didn't know any spells.
Your spell library was empty.

Inventory:

Hand Weapons
 a - a +0 shortbow (weapon)
Armour
 d - a +0 ring mail (worn)
Jewellery
 f - a ring of ice
Scrolls
 b - a scroll of enchant armour {unknown}
 c - a scroll of amnesia {unknown}
 e - a scroll of fear {unknown}
 i - 2 scrolls of identify
 j - a scroll of teleportation {unknown}
 k - a scroll of blinking {unknown}
Potions
 g - a potion of curing {unknown}
 h - a potion of haste {unknown}

Dungeon Overview and Level Annotations

Branches:
Dungeon (2/15)

Altars:


Message History

You shoot an arrow. The arrow closely misses the adder.
The adder bites you but does no damage. x2
You shoot an arrow. The arrow barely misses the adder.
The adder bites you but does no damage.
You shoot an arrow. The arrow closely misses the adder.
The adder bites you. The adder bites you but does no damage.
You shoot an arrow. The arrow hits the adder!
The adder is severely wounded.
The adder barely misses you.
You shoot an arrow. The arrow misses the adder.
The adder closely misses you. The adder barely misses you.
You shoot an arrow. The arrow barely misses the adder.
The adder closely misses you.
You shoot an arrow. The arrow completely misses the adder.
The adder bites you.
You are poisoned.
The adder poisons you! The adder barely misses you.
You shoot an arrow.
The arrow hits the adder but does no damage.
The adder is severely wounded.
You feel sick. The adder bites you.
You are more poisoned.
The adder poisons you!
You shoot an arrow. The arrow hits the adder.
The adder is almost dead.
You feel very sick. The adder bites you. x2
You shoot an arrow. The arrow hits the adder.
You kill the adder!
You feel sick.
There is a lethal amount of poison in your body!
You feel sick.
There is a lethal amount of poison in your body!
You feel sick.
There is a lethal amount of poison in your body!
You feel sick.
There is a lethal amount of poison in your body!
You feel sick.
There is a lethal amount of poison in your body!
You die...

..## .... #.# .###
#.# .# #.# .# #.#
.###### #.#
#.....# #.#
#.###.## #%#
#.###....#######@#
....#............#
#.#......##..#####
.~.~.~.~.~.#.#
.............#
.~.~.~.~.~.~.#
.............#
.~.~.~.~.~.~.#
.............#


There were no monsters in sight!

Vanquished Creatures
  An adder (D:2)
  A dart slug (D:1)
  7 endoplasms
  4 giant cockroaches
  4 goblins
  4 hobgoblins
  A quokka (D:2)
  3 ball pythons
  4 bats
  3 frilled lizards
  7 kobolds
  7 rats
46 creatures vanquished.

Notes
Turn   | Place    | Note
-------+----------+-------------------------------------------
     0 | D:1      | qw the Deep Elf Hunter began the quest for the Orb.
     0 | D:1      | Reached XP level 1. HP: 12/12 MP: 3/3
     0 | D:1      | 0 ||| qw: Version: 0.3-a-155-g5e7d8dd
     0 | D:1      | 0 ||| qw: Game counter: 1189
     0 | D:1      | 0 ||| qw: Melee chars always use a shield: true
     0 | D:1      | 0 ||| qw: God list: Okawaru
     0 | D:1      | 0 ||| qw: Allow faded altars: false
     0 | D:1      | 0 ||| qw: Do Orc after clearing Dungeon:15 true
     0 | D:1      | 0 ||| qw: Do second Lair branch before Depths: true
     0 | D:1      | 0 ||| qw: Lair rune preference: random
     0 | D:1      | 0 ||| qw: Goals: Normal
     0 | D:1      | 0 ||| PLANNING D:1-11
   154 | D:1      | Reached XP level 2. HP: 16/16 MP: 4/4
   160 | D:1      | Reached skill level 6 in Ranged Weapons
   629 | D:1      | 629 ||| UPGRADING to +0 ring mail.
   639 | D:1      | 639 ||| DROPPING +0 leather armour.
   640 | D:1      | 640 ||| READING scroll labelled MUSIOKHAQYMM.
   640 | D:1      | 640 ||| IDENTIFYING grey potion
   641 | D:1      | 641 ||| DROPPING scroll of butterflies.
   642 | D:1      | 642 ||| DROPPING potion of degeneration.
   716 | D:2      | Reached XP level 3. HP: 20/20 MP: 5/5
   960 | D:2      | Reached skill level 7 in Ranged Weapons
  1204 | D:2      | HP: 5/20 [adder (1)]
  1207 | D:2      | HP: 2/20 [poisoned by an adder]
  1210 | D:2      | Succumbed to an adder's poison

Levels and vault maps discovered:
D:1:      wander_arrival_peaceful_grave, layout_basic, minmay_misc_feat_tower
D:2:      layout_loops_cross, kennysheep_crisscross

Skill      XL: |  1  2  3 |
---------------+----------+-----
Ranged Weapons | 6 7 |  7.2
Fighting       | |  1.5
Dodging        | |  2.4
Stealth        | |  1.2

Action                     || total
---------------------------++-------
   Fire: Shortbow          ||   125
    Use: Scroll            ||     1
 Armour: Ring mail         ||    23
         Leather armour    ||     2
  Dodge: Dodged            ||    29

Table legend:
 A = Non-vault XP
 B = Vault XP
 C = Vault XP percentage of total XP
 D = Non-vault monster count
 E = Vault monster count
 F = Vault count percentage of total count
                 A         B        C        D         E       F
            +---------+---------+-------+---------+---------+-------
      Total |      83 |       0 |   0.0 |      46 |       0 |   0.0
            +---------+---------+-------+---------+---------+-------
        D:1 |      33 |       0 |   0.0 |      22 |       0 |   0.0
        D:2 |      50 |       0 |   0.0 |      24 |       0 |   0.0
            +---------+---------+-------+---------+---------+-------
